Map: Paladino Terminal LE

Players

Musumeci - Winner!

  • Race: Zerg Zerg
  • League: Diamond
  • Spawn Location: 5:00

Kuruko

  • Race: Terran Terran
  • League: Diamond
  • Spawn Location: 9:00

VOD

Have the link to the VOD?

Description

Time

  • Played on: Feb. 15, 2017, 5:44 a.m.
  • Length: 15:28
Show
View Real Time Build Order
Export as new Build Order

Musumeci Zerg - Winner!

Build Orders: Hatch First 

Get SALT Encoding   

  12  0:01  Drone  
  13  0:09  Drone  
  14  0:18  Extractor  
  14  0:19  Drone  
  15  0:42  Hatchery  
  14  0:46  Extractor  
  14  0:47  Drone  
  15  1:02  Spawning Pool  
  14  1:26  Extractor  
  14  1:27  Drone x2, Extractor  
  14  1:31  Extractor  
  13  1:34  Overlord  
  15  1:52  Queen, Extractor  
  18  1:55  Extractor  
  18  1:56  Queen  
  18  1:58  Drone x2  
  18  2:00  Drone  
  22  2:19  Drone x2  
  24  2:27  Queen  
  26  2:32  Spore Crawler  
  26  2:45  Drone x2  
  26  2:46  Overlord  
  26  2:48  Overlord  
  26  2:51  Overlord  
  28  3:04  Queen  
  30  3:13  Drone x8  
  30  3:17  Extractor  
  30  3:18  Extractor  
  36  3:25  Roach Warren  
  35  3:46  Drone x9  
  44  4:02  Evolution Chamber  
  44  4:08  Evolution Chamber  
  42  4:10  Hatchery  
  41  4:17  Roach x2  
  45  4:36  Roach x3  
  51  4:39  Overlord  
  51  5:09  Drone x3  
  51  5:10  Drone  
  51  5:13  Drone  
  56  5:15  Extractor  
  56  5:17  Ravager x3  
  56  5:20  Drone x2, Extractor  
  59  5:22  Drone  
  59  5:23  Lair  
  60  5:32  Roach x3  
  66  5:41  Overlord x4  
  66  5:59  Queen  
  66  6:00  Ravager x3  
  71  6:19  Ravager x2  
  71  6:20  Roach x4  
  81  6:34  Queen  
  65  6:54  Glial Reconstitution  
  65  6:57  Zerg Missile Weapons Level 1  
  65  7:03  Hatchery, Evolution Chamber  
  63  7:14  Ravager x3  
  66  7:44  Roach  
  66  7:45  Roach x11  
  90  7:52  Zerg Ground Armor Level 1  
  90  7:59  Drone x2  
  92  8:17  Ravager x4  
  92  8:18  Drone x2  
  98  8:20  Overlord x6  
  98  8:34  Extractor  
  98  8:39  Extractor  
  98  8:41  Ravager x4  
  100  8:59  Drone  
  101  9:04  Drone x4  
  101  9:05  Drone x8  
  113  9:13  Zerg Missile Weapons Level 2  
  113  9:19  Overseer  
  113  9:32  Ravager  
  113  9:33  Roach x10  
  134  9:50  Hatchery  
  127  10:00  Overseer  
  118  10:09  Spore Crawler  
  118  10:10  Spore Crawler  
  118  10:11  Spore Crawler  
  96  10:36  Roach  
  96  10:37  Roach x22  
  96  10:38  Roach x2  
  110  11:28  Roach x8  
  110  11:29  Roach x7  
  140  11:36  Queen x2  
  144  11:53  Queen  
  144  12:02  Overseer x3  
  86  12:37  Roach  
  86  12:38  Roach x16  
  112  12:51  Roach x3  
  112  13:09  Ravager x2  
  112  13:10  Ravager x19  
  112  13:11  Ravager x3  
  136  13:17  Roach x4  
  136  13:18  Overlord x5  
  136  13:19  Overlord  
  98  14:24  Roach x6  
  98  14:25  Roach x8  
  108  14:47  Roach x14  
  120  15:19  Ravager x4  
  120  15:20  Ravager x17  
Show
View Real Time Build Order
Export as new Build Order

Kuruko Terran 

Build Orders: Hellion Opening 

Get SALT Encoding   

  12  0:01  SCV  
  13  0:13  SCV  
  14  0:18  Supply Depot  
  14  0:25  SCV  
  15  0:38  Refinery  
  15  0:40  SCV  
  16  0:47  Barracks  
  16  0:52  SCV  
  17  1:04  SCV  
  18  1:15  Barracks  
  18  1:16  SCV  
  19  1:28  SCV  
  20  1:36  Reaper  
  21  1:43  Orbital Command  
  21  2:03  Command Center  
  21  2:10  Barracks Reactor  
  21  2:18  Factory  
  21  2:21  SCV  
  22  2:41  SCV  
  22  2:43  Refinery  
  23  2:50  Supply Depot  
  22  3:09  Factory  
  22  3:11  Barracks Reactor  
  26  3:12  Hellion  
  26  3:13  Hellion  
  26  3:16  Orbital Command  
  26  3:20  SCV  
  27  3:32  SCV  
  27  3:34  Hellion x2  
  32  3:42  SCV  
  32  3:44  SCV  
  34  3:55  Marine  
  34  3:57  SCV  
  34  3:59  Hellion x2, Supply Depot  
  40  4:03  Cyclone  
  40  4:05  Cyclone  
  46  4:16  Supply Depot  
  46  4:21  SCV  
  47  4:29  Hellion x2  
  51  4:33  SCV  
  51  4:38  Cyclone x2  
  58  4:47  Supply Depot  
  58  4:53  Armory, Marine  
  59  5:01  SCV  
  60  5:08  Hellion  
  60  5:09  Hellion  
  60  5:13  SCV  
  60  5:14  Supply Depot  
  65  5:20  Hellion, Cyclone  
  70  5:33  Supply Depot  
  70  5:35  SCV x2, Hellion  
  72  6:13  Cyclone x2  
  72  6:15  SCV  
  72  6:16  SCV  
  72  6:17  Starport  
  80  6:21  Refinery x2, Command Center  
  80  6:27  SCV  
  80  6:29  SCV  
  58  6:41  SCV  
  47  6:54  Cyclone x2  
  47  6:57  Hellion  
  47  6:58  Hellion, Starport Tech Lab  
  47  7:00  Starport, SCV  
  58  7:02  SCV  
  59  7:13  SCV  
  59  7:14  SCV  
  61  7:22  Factory  
  61  7:23  Banshee  
  61  7:26  SCV  
  65  7:33  Hellion x2  
  65  7:36  Cloaking Field  
  69  7:38  SCV  
  69  7:42  Starport Tech Lab  
  70  7:48  Orbital Command  
  70  7:50  SCV, Hellion x2  
  75  7:57  Hellion  
  75  7:58  Hellion  
  79  8:00  Banshee  
  79  8:03  SCV  
  83  8:06  Banshee  
  83  8:09  Factory Tech Lab  
  83  8:11  Factory  
  86  8:14  Orbital Command  
  86  8:15  SCV  
  87  8:29  Cyclone x2  
  87  8:32  Hellion x2  
  97  8:40  Siege Tank  
  100  8:47  SCV  
  101  8:53  Supply Depot  
  101  8:55  Factory Tech Lab, Supply Depot  
  101  9:15  SCV x2, Cyclone x2  
  101  9:16  Supply Depot  
  109  9:17  Supply Depot  
  109  9:19  Command Center  
  109  9:20  Siege Tank  
  112  9:24  Siege Tank  
  68  10:05  Siege Tank x2  
  72  10:28  Hellion x3  
  71  10:29  Orbital Command  
  71  10:30  Banshee  
  60  10:37  Siege Tank x2  
  52  10:49  Hellion x2  
  46  11:08  Hellion  
  46  11:09  Hellion x2, Siege Tank  
  46  11:10  Banshee  
  46  11:11  Hellion x2  
  58  11:23  Orbital Command  
  58  11:30  Hellion x2  
  58  11:31  Hellion  
  58  11:32  Hellion x2  
  68  11:35  SCV  
  68  11:37  SCV  
  70  11:41  Siege Tank  
  73  11:51  Hellion x2  
  73  11:52  Siege Tank  
  73  11:53  Hellion  
  73  11:54  Hellion  
  84  12:17  Supply Depot x2  
  84  12:23  Orbital Command  
  84  12:25  Banshee  
  84  12:26  Banshee, Hellion  
  84  12:28  Hellion  
  62  12:41  Hellion x3  
  68  12:52  SCV  
  69  13:02  Siege Tank  
  69  13:04  SCV  
  69  13:07  Banshee  
  72  13:14  Infernal Pre-Igniter  
  72  13:16  SCV  
  73  13:22  SCV  
  74  13:27  Hyperflight Rotors  
  74  13:29  SCV  
  75  13:35  SCV  
  55  13:47  SCV  
  56  14:14  Command Center  
  56  14:23  Hellion  
  56  14:24  Banshee, Hellion x2  
  54  14:25  Hellion  
  54  14:27  Banshee  
  60  14:45  Hellion  
  40  15:07  Hellion x2  
Tags
 
Add a new tag
Caveats
  • Supply blocks, unpowered buildings, or Contaminate may cause inaccurate times.
  • Supply counts are checked every 10 seconds.